Map: Heavy Artillery LE

Players

Aløne - Winner!

  • Race: Protoss Protoss
  • League: Gold
  • Spawn Location: 7:00

eOliAs - Winner!

  • Race: Zerg Zerg
  • League: Diamond
  • Spawn Location: 7:00

Massa

  • Race: Terran Terran
  • League: Platinum
  • Spawn Location: 3:00

qqq

  • Race: Protoss Protoss
  • Spawn Location: 1:00

VOD

Have the link to the VOD?

Description

Time

  • Played on: Oct. 10, 2020, 5:38 p.m.
  • Length: 6:52
Show
View Real Time Build Order
Export as new Build Order

Aløne Protoss - Winner!

Build Orders:  

Get SALT Encoding   

  12  0:00  Probe  
  13  0:21  Probe  
  14  0:28  Pylon  
  14  0:34  Probe  
  15  0:46  Probe  
  15  0:47  Gateway  
  16  0:53  Pylon  
  16  1:00  Probe  
  17  1:13  Probe (Chrono Boost)  
  18  1:24  Probe (Chrono Boost)  
  19  1:25  Assimilator  
  19  1:29  Probe (Chrono Boost)  
  20  1:38  Cybernetics Core  
  20  1:50  Probe, Nexus  
  21  2:09  Probe  
  21  2:11  Zealot  
  24  2:26  Warp Gate (Chrono Boost)  
  24  2:35  Pylon  
  24  2:37  Gateway  
  24  2:38  Gateway, Zealot  
  25  3:09  Gateway  
  25  3:10  Gateway  
  25  3:13  Forge  
  25  3:19  Probe  
  26  3:26  Assimilator  
  26  3:28  Probe  
  26  3:31  Probe  
  28  3:34  Stalker  
  28  3:40  Probe  
  31  3:53  Probe  
  32  4:06  Probe (Chrono Boost)  
  32  4:08  Zealot x2  
  38  4:10  Probe (Chrono Boost)  
  38  4:15  Probe (Chrono Boost)  
  39  4:19  Probe (Chrono Boost)  
  39  4:21  Pylon  
  41  4:24  Probe (Chrono Boost)  
  41  4:28  Assimilator  
  41  4:29  Probe (Chrono Boost)  
  42  4:35  Probe x2 (Chrono Boost)  
  44  4:43  Probe  
  44  4:44  Probe, Stalker x2  
  50  4:53  Pylon  
  50  4:55  Probe, Pylon  
  50  4:56  Probe  
  50  4:57  Zealot  
  54  5:04  Pylon  
  54  5:11  Probe  
  55  5:15  Zealot  
  55  5:16  Zealot x3  
  63  5:23  Probe  
  64  5:29  Stalker  
  60  5:43  Stalker x3  
  62  5:59  Zealot x2  
  60  6:14  Stalker x3  
  66  6:31  Stalker x2  
  70  6:49  Zealot x3  
Show
View Real Time Build Order
Export as new Build Order

eOliAs Zerg - Winner!

Build Orders: Hatch First 

Get SALT Encoding   

  12  0:00  Drone  
  13  0:12  Drone  
  14  0:25  Overlord  
  14  0:44  Drone x2  
  14  0:45  Drone  
  17  0:57  Hatchery  
  16  1:07  Drone x2  
  18  1:20  Spawning Pool  
  18  1:21  Drone  
  18  1:22  Extractor  
  17  1:30  Drone  
  18  1:39  Drone  
  19  1:49  Drone  
  20  2:10  Drone x2  
  20  2:15  Zergling x2  
  23  2:18  Queen x2  
  23  2:21  Overlord  
  27  2:34  Hatchery  
  26  2:37  Zergling x4  
  26  2:43  Metabolic Boost  
  28  3:06  Roach Warren  
  28  3:16  Drone  
  28  3:17  Drone x5, Roach Warren  
  33  3:46  Overlord  
  33  3:47  Overlord x2  
  33  3:58  Queen  
  35  4:12  Roach  
  35  4:13  Roach x10  
  57  4:19  Roach  
  59  4:36  Overlord x2  
  59  4:46  Overlord x2  
  59  4:58  Zergling x22  
  59  4:59  Zergling x2  
  71  5:01  Zergling x2  
  72  5:09  Overlord  
  49  5:44  Zergling x26  
  49  5:45  Zergling x4  
  53  5:50  Zergling x2  
  53  5:51  Zergling x6  
  52  5:59  Zergling x2  
  52  6:00  Zergling x2  
  54  6:09  Spore Crawler  
  52  6:13  Spore Crawler  
Show
View Real Time Build Order
Export as new Build Order

Massa Terran 

Build Orders:  

Get SALT Encoding   

  12  0:00  SCV  
  13  0:12  SCV  
  14  0:24  SCV  
  14  0:25  Supply Depot  
  15  0:31  Refinery  
  15  0:47  SCV  
  15  0:48  Barracks  
  16  0:59  SCV  
  17  1:11  SCV  
  18  1:24  SCV  
  19  1:36  Reaper, SCV  
  21  1:46  Command Center  
  21  1:48  Orbital Command  
  21  1:59  Factory  
  21  2:08  Marine  
  22  2:14  SCV  
  23  2:32  Supply Depot  
  23  2:35  Engineering Bay  
  23  2:36  Supply Depot  
  23  2:39  Refinery  
  23  2:54  Marine  
  24  3:19  SCV  
  24  3:24  Marine  
  24  3:26  Widow Mine  
  27  3:31  SCV  
  27  3:33  Starport  
  28  3:35  Missile Turret  
  28  3:37  Orbital Command  
  28  3:42  Marine  
  28  3:43  SCV  
  28  3:47  Barracks  
  28  3:48  Widow Mine  
  32  3:55  SCV  
  33  3:59  Marine  
  34  4:07  SCV x2  
  36  4:17  Marine  
  36  4:18  Factory Tech Lab  
  36  4:19  SCV x2  
  39  4:31  SCV x2  
  39  4:35  Marine  
  39  4:38  Siege Tank  
  45  4:43  Terran Infantry Armor Level 1, SCV x2  
  45  4:44  Medivac  
  49  4:50  Barracks Tech Lab  
  49  4:55  SCV x2  
  49  4:59  Supply Depot  
  51  5:00  Supply Depot  
  51  5:06  Refinery  
  51  5:07  SCV  
  51  5:10  Missile Turret x2  
  51  5:11  Barracks Reactor  
  35  5:57  Marine x2  
  35  5:58  Siege Tank  
  35  5:59  Marauder  
  36  6:06  SCV x2  
  36  6:11  Medivac  
  31  6:14  Marine  
  31  6:15  Marine  
  31  6:18  SCV x2  
  34  6:21  Marauder  
  37  6:30  SCV  
  37  6:31  SCV  
  37  6:32  Marine  
  31  6:51  Supply Depot  
Show
View Real Time Build Order
Export as new Build Order

qqq Protoss 

Build Orders: 1 Gate Expand 

Get SALT Encoding   

  12  0:01  Probe  
  13  0:13  Probe  
  14  0:25  Probe  
  14  0:28  Pylon  
  15  0:46  Probe  
  15  0:49  Gateway  
  16  0:58  Probe  
  16  1:00  Pylon  
  17  1:10  Probe  
  18  1:22  Probe  
  19  1:32  Nexus  
  19  1:34  Probe  
  19  1:36  Assimilator  
  20  1:41  Zealot  
  22  1:50  Cybernetics Core  
  22  1:57  Probe  
  23  2:01  Pylon  
  23  2:09  Probe  
  24  2:20  Gateway  
  24  2:21  Probe  
  25  2:28  Zealot  
  27  2:33  Probe  
  28  2:45  Probe, Gateway  
  29  2:55  Zealot  
  29  2:56  Twilight Council  
  29  2:58  Probe (Chrono Boost)  
  32  3:01  Pylon  
  32  3:11  Zealot  
  34  3:24  Stalker  
  36  3:32  Charge (Chrono Boost)  
  36  3:36  Probe x2  
  36  3:39  Zealot  
  40  3:44  Zealot  
  42  3:48  Probe  
  42  3:49  Probe  
  44  4:00  Probe  
  44  4:01  Probe  
  46  4:03  Zealot  
  46  4:09  Zealot  
  50  4:13  Probe  
  51  4:30  Zealot  
  53  4:33  Zealot  
  53  4:36  Zealot  
  57  4:52  Assimilator  
  57  4:57  Resonating Glaives (Chrono Boost), Zealot  
  57  4:59  Probe  
  60  5:00  Zealot  
  60  5:01  Nexus  
  62  5:07  Gateway x2  
  62  5:09  Pylon  
  62  5:16  Probe x2  
  58  5:28  Probe x2  
  50  5:39  Adept (Chrono Boost)  
  50  5:40  Zealot (Chrono Boost), Adept (Chrono Boost)  
  48  5:53  Dark Shrine  
  46  5:58  Zealot (Chrono Boost)  
  46  5:59  Zealot (Chrono Boost)  
  48  6:06  Adept (Chrono Boost)  
  54  6:14  Zealot (Chrono Boost)  
  54  6:18  Zealot (Chrono Boost), Adept (Chrono Boost)  
  54  6:32  Gateway  
  54  6:34  Gateway  
Tags
 
Add a new tag
Caveats
  • Supply blocks, unpowered buildings, or Contaminate may cause inaccurate times.
  • Supply counts are checked every 10 seconds.